Match 45231161
Unlisted

Match 45231161
End
Construct Section Command Post
Vickers Machine Gun Team
Infantry Section
Infantry Section
Infantry Section
Infantry Section
Construct Platoon Command Post
Selects Heavy Armor Battlegroup
Selects Rigorous Vehicle Training
Selects Forward Repair Assembly
Selects Light Vehicle Withdraw and Refit
Selects UNKNOWN (202330)
6-pounder Anti-tank Gun Team
Construct Company Command Post
Selects Rigorous Vehicle Training
Selects Forward Repair Assembly
6-pounder Anti-tank Gun Team
Crusader AA Medium Tank
Infantry Section
Royal Engineer Section
Unlock Towed 17-pounder Anti-tank Guns
17-pounder Anti-tank Gun Team
Selects Recon Artillery
Unlock Bishop Self-propelled Artillery
Bishop Self-propelled Artillery
Recon Artillery
Selects Churchill Black Prince Heavy Tank
Churchill Black Prince Heavy Tank
Recon Artillery
Crusader II Medium Tank
Recon Artillery
Swan
Trivolka
Otto Karius
Bradare
0
0

Comments sign in to comment!

No comments posted yet!